 Dungeon Crawl Stone Soup version 0.30.1-3-gfc49f6343a (webtiles) character file.

Game seed: 12080951214405450485

2612 Atelerd the Geomancer (level 9, -10/54 HPs)
             Began as an Octopode Earth Elementalist on Aug 2, 2023.
             Was a Follower of Sif Muna.
             Shot with an arrow by a centaur (12 damage)
             ... on level 7 of the Dungeon.
             The game lasted 00:11:58 (7999 turns).

Atelerd the Geomancer (Octopode Earth Elementalist) Turns: 7999, Time: 00:11:59

Health: -10/54     AC:  1    Str:  8    XL:     9   Next: 60%
Magic:  8/19       EV: 14    Int: 27    God:    Sif Muna [*.....]
Gold:   276        SH:  0    Dex: 12    Spells: 17/22 levels left

rFire   . . .        l - +2 short sword (venom)
rCold   . . .        (no shield)
rNeg    . . .        (helmet restricted)
rPois   .            (no amulet)
rElec   .            t - +6 ring of intelligence
rCorr   .            (no ring)
SInv    .            (no ring)
Will    .....        (no ring)
Stlth   ++++         (no ring)
HPRegen 0.29/turn    (no ring)
MPRegen 0.16/turn    (no ring)
                     (no ring)

%: no passive effects
@: no status effects
A: almost no armour, amphibious, 8 rings, camouflage 1, gelatinous body 1,
(nimble swimmer 1), tentacles
a: Renounce Religion, Channel Magic


You were on level 7 of the Dungeon.
You worshipped Sif Muna.
Sif Muna was aware of your devotion.
You visited 2 branches of the dungeon, and saw 8 of its levels.
You also visited: Sewer.

You collected 276 gold pieces.

Inventory:

Hand Weapons
 k - a +2 dagger of draining
 l - a +2 short sword of venom (weapon)
Missiles
 g - 8 poisoned darts
Jewellery
 t - a +6 ring of intelligence (left tentacle)
 v - a ring of ice
Scrolls
 h - 6 scrolls of teleportation
 j - a scroll of amnesia
 n - 2 scrolls of enchant weapon {unknown}
 o - 3 scrolls of enchant armour
 q - 4 scrolls of fear
 r - 3 scrolls of identify
 s - a scroll of poison {unknown}
 u - a scroll of vulnerability {unknown}
Potions
 a - 2 potions of magic
 b - 4 potions of attraction {unknown}
 c - 6 potions of brilliance {unknown}
 d - 3 potions of curing {unknown}
 e - 4 potions of heal wounds
 f - 2 potions of might {unknown}
 i - 4 potions of degeneration {unknown}
 m - 3 potions of mutation {unknown}
 p - a potion of resistance {unknown}


   Skills:
 - Level 2.0 Fighting
 - Level 2.0 Short Blades
 - Level 4.0 Dodging
 - Level 6.0 Stealth
 + Level 7.1 Spellcasting
 - Level 3.0 Transmutations
 + Level 8.1 Earth Magic
 - Level 2.0 Invocations


You had 17 spell levels left.
You knew the following spells:

 Your Spells              Type           Power      Damage    Failure   Level
a - Sandblast             Erth           100%       2d20      1%          1
p - Petrify               Tmut/Erth      39%        N/A       6%          4

Your spell library contained the following spells:

 Spells                   Type           Power      Damage    Failure   Level
 Passwall                 Tmut/Erth      32%        N/A       1%          2
 Stone Arrow              Conj/Erth      62%        3d10      3%          3
 Necrotise                Necr           36%        1d5       6%          1
 Hailstorm                Conj/Ice       9%         3d4       17%         3
 Vampiric Draining        Necr           9%         2d6       17%         3
 Ice Form                 Ice/Tmut       17%        N/A       30%         4
 Agony                    Necr           9%         N/A       85%         5
 Simulacrum               Ice/Necr       4%         N/A       100%        6


Dungeon Overview and Level Annotations

Branches:
Dungeon (7/15)             Temple (1/1) D:4           Sewer (visited)

Altars:
Ashenzari
Cheibriados
Dithmenos
Elyvilon
Fedhas
Gozag
Hepliaklqana
Kikubaaqudgha
Makhleb
Okawaru
Ru
Sif Muna
Trog
Uskayaw
Vehumet
Xom
Yredelemnul
Zin
The Shining One

Shops:
D:5 :

Annotations:
D:5 exclusion: downstairs
D:6 exclusion: downstairs
D:7 Joseph


Innate Abilities, Weirdness & Mutations

You cannot wear most types of armour.
You are amphibious.
You can wear up to eight rings at the same time.
Your skin changes colour to match your surroundings (Stealth+).
Your rubbery body absorbs attacks. (AC +1, EV +1)
((You are camouflaged when in or above water. (Stealth+)))
You have tentacles for arms and can constrict up to eight enemies at once.


Message History

Joseph, a Mercenary comes into view.
He is wielding a +6 quarterstaff of speed and carrying a wand of iceblast (6).
Joseph is nearby!
Joseph is nearby!
Joseph is nearby!
Joseph is nearby!
Joseph is nearby!
Casting: Sandblast (safe; 1% risk of failure)
Confirm with . or Enter, or press ? or * to list all spells.
Aiming: Petrify (dangerous; 6% risk of failure)
Press: ? - help, Shift-Dir - straight line, f - Joseph
Aim: Joseph, wielding a +6 quarterstaff of speed, wearing a +0 ring mail and carrying a wand of iceblast (6) (asleep, chance to affect: 49%) Joseph shouts!
Joseph resists with some effort.
Unknown command.
Casting: Petrify (dangerous; 6% risk of failure)
Confirm with . or Enter, or press ? or * to list all spells.
Aiming: Petrify (dangerous; 6% risk of failure)
Press: ? - help, Shift-Dir - straight line, f/p - Joseph
Aim: Joseph, wielding a +6 quarterstaff of speed, wearing a +0 ring mail and carrying a wand of iceblast (6) (chance to affect: 49%) Joseph resists with some effort.
Joseph unwields a +6 quarterstaff of speed.
Joseph wields a +0 sling.
Joseph shoots a sling bullet.
The sling bullet hits you!
Casting: Petrify (dangerous; 6% risk of failure)
Confirm with . or Enter, or press ? or * to list all spells.
Aiming: Petrify (dangerous; 6% risk of failure)
Press: ? - help, Shift-Dir - straight line, f/p - Joseph
Aim: Joseph, wielding a +0 sling, wearing a +0 ring mail and carrying a wand of iceblast (6) (chance to affect: 49%) Joseph is moving more slowly.
Joseph zaps a wand.
The mass of ice explodes!
The iceblast engulfs you!
You hear a shout!
Joseph shoots a sling bullet.
The sling bullet hits you!
* * * LOW HITPOINT WARNING * * *
A centaur comes into view.
The centaur wields a +0 shortbow.
The centaur shoots an arrow.
The arrow hits you!
* * * LOW HITPOINT WARNING * * *
You hear a croak.
The centaur shoots an arrow.
The arrow hits you!
You die...

#.#.##.# #.#.##.#
.######.#....#
..c.....#....##
.##.#.#.##....###
#.#...........#
#.............#
###.#.##.#....#
#@#......####
#.#####...## #@#
#.#..# #.#
###.##.# ...
#......#
.#......#..#
.#......#..#
..##....##.##
#....##.#


You could see Joseph (petrified) and a centaur.

Vanquished Creatures
  Pikel (D:6)
  Sigmund (D:6)
  3 yaks (D:6)
  Menkaure (D:5)
  Duvessa (D:5)
  2 sky beasts (D:6)
  An ice beast (D:5)
  An ogre (D:5)
  A black bear (D:7)
  A gnoll sergeant (D:7)
  A scorpion (D:6)
  Dowan (D:5)
  A hound (D:2)
  2 jellies
  2 orc priests
  A sleepcap (D:7)
  An iguana (D:5)
  3 orc wizards
  8 gnolls
  4 river rats (Sewer)
  15 adders
  A shadow imp (D:7)
  4 worms
  5 dart slugs
  17 orcs
  16 endoplasms
  9 giant cockroaches
  5 goblins
  7 hobgoblins
  4 jackals (D:2)
  A quokka (D:1)
  10 ball pythons
  A bat (D:1)
  6 frilled lizards
  8 kobolds
  7 rats
153 creatures vanquished.

Notes
Turn   | Place    | Note
-------+----------+-------------------------------------------
     0 | D:1      | Atelerd the Octopode Earth Elementalist began the quest for
                  | the Orb.
     0 | D:1      | Reached XP level 1. HP: 11/11 MP: 3/3
   199 | D:1      | Found a faded altar of an unknown god.
   210 | D:1      | Reached XP level 2. HP: 17/17 MP: 3/5
   588 | D:1      | Reached XP level 3. HP: 21/21 MP: 3/6
  1031 | D:2      | Reached XP level 4. HP: 11/27 MP: 3/7
  1700 | D:2      | Reached XP level 5. HP: 31/31 MP: 7/9
  1742 | D:2      | Reached skill level 4 in Earth Magic
  2431 | D:3      | You fall into a shaft and drop 1 floor!
  2549 | D:4      | Found a glowing drain.
  2635 | Sewer    | Entered a sewer
  2763 | Sewer    | Reached XP level 6. HP: 36/36 MP: 9/11
  2768 | Sewer    | Learned a level 4 spell: Petrify
  2944 | Sewer    | Found a viscous altar of Jiyva.
  3149 | D:4      | Reached skill level 5 in Earth Magic
  3496 | D:4      | Found a staircase to the Ecumenical Temple.
  3690 | Temple   | Entered the Ecumenical Temple
  3828 | Temple   | Became a worshipper of Sif Muna the Loreminder
  4843 | D:3      | Reached XP level 7. HP: 41/41 MP: 11/13
  4915 | D:5      | Entered Level 5 of the Dungeon
  4915 | D:5      | Found Bups's Book Emporium.
  5020 | D:5      | Found a glowing silver altar of Zin.
  5021 | D:5      | Found a white marble altar of Elyvilon.
  5103 | D:5      | Found an ancient bone altar of Kikubaaqudgha.
  5457 | D:5      | Found a basalt altar of Yredelemnul.
  5457 | D:5      | Noticed Menkaure
  5462 | D:5      | Killed Menkaure
  5463 | D:5      | Reached skill level 5 in Spellcasting
  5463 | D:5      | Reached skill level 6 in Earth Magic
  5679 | D:5      | Noticed Duvessa
  5680 | D:5      | Noticed Dowan
  5714 | D:5      | Killed Dowan
  5857 | D:5      | Killed Duvessa
  5858 | D:5      | Reached XP level 8. HP: 46/46 MP: 14/16
  6448 | D:6      | Noticed Sigmund
  6451 | D:6      | Killed Sigmund
  6452 | D:6      | Reached skill level 1 in Fighting
  6452 | D:6      | Reached skill level 1 in Short Blades
  6452 | D:6      | Reached skill level 7 in Earth Magic
  6452 | D:6      | Reached skill level 1 in Invocations
  6642 | D:6      | Noticed Pikel
  6895 | D:6      | Noticed a yak
  6896 | D:6      | Noticed a yak
  6896 | D:6      | Noticed a yak
  6953 | D:6      | Killed a yak
  6975 | D:6      | Killed a yak
  6976 | D:6      | Reached XP level 9. HP: 54/54 MP: 7/18
  7101 | D:6      | Killed Pikel
  7673 | D:7      | Reached * piety under Sif Muna
  7674 | D:7      | Reached skill level 8 in Earth Magic
  7989 | D:7      | Noticed Joseph
  7998 | D:7      | HP: 2/54 [centaur/arrow (12)]
  7999 | D:7      | Shot with an arrow by a centaur

Illustrated notes

Levels and vault maps discovered:
D:1:      saegor_arrival_miasma, layout_loops_ring,
          shapermc_ecumenical_altar_venn, st_stairs_10
D:2:      layout_loops_corners
D:3:      layout_rooms, hangedman_decor_diamond_cutter
D:4:      layout_cave_pods, minmay_temple_entry_stoned_glass,
          gup_sewer_entry_glass
D:5:      dreamdust_elfheim, layout_loops_ring,
          mainiacjoe_overflow_concentric_impassable, general_overflow_altar,
          nicolae_overflow_two_pavilions, serial_shops, shop, water_maze_lemuel,
          uniq_menkaure
D:6:      layout_loops_cross, uniq_sigmund, uniq_pikel
D:7:      layout_basic, nemelex_dance_club_becter, minmay_misc_feat_x,
          uniq_maggie, uniq_joseph
Temple:   nicolae_temple_bog_church

Skill      XL: |  1  2  3  4  5  6  7  8  9 |
---------------+----------------------------+-----
Transmutations | 2 3 |  3.0
Earth Magic    | 4 5 6 7 8 |  8.1
Spellcasting   | 3 4 5 6 7 |  7.1
Stealth        | 4 6 |  6.0
Fighting       | 2 |  2.0
Short Blades   | 2 |  2.0
Invocations    | 2 |  2.0
Dodging        | 3 4 |  4.0

Action                     |  1- 3 |  4- 6 |  7- 9 || total
---------------------------+-------+-------+-------++-------
  Melee: Unarmed           |    13 |     8 |       ||    21
         Constrict         |     6 |    15 |     9 ||    30
         Tentacles         |     4 |    14 |    21 ||    39
         Dagger            |       |     3 |       ||     3
         Short sword       |       |    34 |    54 ||    88
         Punch             |       |     1 |     1 ||     2
   Cast: Sandblast         |    34 |   123 |    63 ||   220
         Petrify           |       |       |    28 ||    28
    Use: Potion            |     1 |     1 |     2 ||     4
         Scroll            |       |     3 |     2 ||     5
   Stab: Sleeping          |     1 |     1 |     2 ||     4
         Petrified         |       |       |    41 ||    41
 Armour: Skin              |     1 |     8 |     3 ||    12
  Dodge: Dodged            |    15 |    80 |    22 ||   117
